 Dungeon Crawl Stone Soup version 0.29.1 (webtiles) character file.

Game seed: 2210961522269935784

51 qw the Chopper (level 3, -1/23 HPs)
             Began as a Gargoyle Fighter on Sept 13, 2022.
             Frozen to death by an endoplasm (3 damage)
             ... on level 2 of the Dungeon.
             The game lasted 00:00:23 (931 turns).

qw the Chopper (Gargoyle Fighter)                    Turns: 931, Time: 00:00:23

Health: -1/23      AC: 11    Str: 21    XL:     3   Next: 81%
Magic:  3/3        EV:  9    Int:  8    God:
Gold:   58         SH:  4    Dex:  9    Spells: 2/2 levels left

rFire   . . .      SeeInvis .   Y - +0 war axe
rCold   . . .      Faith    .   c - +0 buckler
rNeg    + + .      Spirit   .   b - +0 scale mail
rPois   inf        Reflect  .   m - +0 helmet
rElec   +          Harm     .   (no cloak)
rCorr   .          Rampage  .   (no gloves)
Will    .....                   (no boots)
Stlth   ..........              (no amulet)
HPRegen 0.07/turn               o - ring of positive energy
MPRegen 0.08/turn               (no ring)

@: no status effects
A: sickness immunity, AC +3, negative energy resistance 1, electricity
resistance, torment resistance 1, petrification resistance
a: no special abilities


You were on level 2 of the Dungeon.
You visited 1 branch of the dungeon, and saw 2 of its levels.

You collected 58 gold pieces.


Innate Abilities, Weirdness & Mutations

You are immune to sickness and miasma.
Your stone body is resilient. (AC +3)
You are immune to poison.
You resist negative energy. (rN+)
You are resistant to electric shocks. (rElec)
You are resistant to unholy torment.
You are immune to petrification.


   Skills:
 - Level 3.2 Fighting
 + Level 3.6 Axes
 - Level 3.2 Armour
 - Level 3.2 Shields


You had 2 spell levels left.
You didn't know any spells.
Your spell library was empty.

Inventory:

Hand Weapons
 h - a +0 club
 Y - a +0 war axe (weapon)
Armour
 b - a +0 scale mail (worn)
 c - a +0 buckler (worn)
 m - a +0 helmet (worn)
Jewellery
 o - a ring of positive energy (left hand)
Scrolls
 f - a scroll of identify
Potions
 a - a potion of cancellation {unknown}
 d - a potion of might
 e - a potion of heal wounds {unknown}
 k - a potion of curing {unknown}
 l - a potion of attraction {unknown}
 n - a potion of mutation {unknown}

Dungeon Overview and Level Annotations

Branches:
Dungeon (2/15)

Altars:

Annotations:
D:2 Robin


Message History

The adder is moderately wounded.
You completely miss the endoplasm. You hit the hobgoblin.
You kill the hobgoblin!
You barely miss the goblin. The adder closely misses you.
The goblin hits you but does no damage. The endoplasm freezes you.
You are frozen.
You block Robin's attack. The adder bites you but does no damage.
You closely miss the adder.
The adder is moderately wounded.
You closely miss the goblin. You hit the endoplasm.
Robin hits you from afar with a +0 spear.
The endoplasm hits you but does no damage.
You block the adder's attack. The goblin closely misses you.
Robin hits you but does no damage. The endoplasm freezes you.
You are frozen.
The frilled lizard bites you but does no damage.
You hit the endoplasm but do no damage.
The endoplasm is almost dead.
You barely miss the adder. You miss the frilled lizard.
You closely miss the goblin. The adder completely misses you.
You block the goblin's attack. The goblin hits you but does no damage.
The adder barely misses you. Robin barely misses you.
The endoplasm hits you but does no damage.
The frilled lizard barely misses you. The goblin hits you but does no damage.
You hit the endoplasm but do no damage.
The endoplasm is almost dead.
You closely miss the goblin. You slash the adder!
You kill the adder!
You closely miss the frilled lizard. Robin completely misses you.
The endoplasm completely misses you. You block the frilled lizard's attack.
You block the goblin's attack.
Robin hits you from afar with a +0 spear.
The frilled lizard bites you but does no damage.
You block the hobgoblin's attack. The endoplasm freezes you.
You are frozen.
You die...

#.#.#........
#.#.#.......#
#.#.#.......#
#.#.#.......#
#########.#.#.#'#.#.#
#......##.#.#.#.#.#.#
#...........#.#.#.#.#
+..J)#$...###.#.#.#.#
#..)@g....# #.#.#.#%#
#.ggl##...# #.#.#.#.#
...............#.#.#.%..
....######.#.#.#.#.###%#
... #.#.#...#...... ..
#.#.# #.#.#.#.# . #.#.#
## #.#.# # #.# #.#


You could see Robin, an endoplasm, a hobgoblin (strong), a goblin (strong) and a
frilled lizard.

Vanquished Creatures
  2 adders (D:2)
  3 ball pythons (D:1)
  3 endoplasms (D:1)
  A giant cockroach (D:2)
  8 goblins
  2 hobgoblins
  7 jackals
  A quokka (D:1)
  4 bats
  A frilled lizard (D:1)
  3 kobolds (D:1)
  2 rats (D:1)
37 creatures vanquished.

Notes
Turn   | Place    | Note
-------+----------+-------------------------------------------
     0 | D:1      | qw the Gargoyle Fighter began the quest for the Orb.
     0 | D:1      | Reached XP level 1. HP: 14/14 MP: 1/1
     0 | D:1      | 0 ||| qw: Version: 0.1-a-119-g272c26d
     0 | D:1      | 0 ||| qw: Game counter: 11254
     0 | D:1      | 0 ||| qw: Always use a shield: true
     0 | D:1      | 0 ||| qw: God list: Okawaru
     0 | D:1      | 0 ||| qw: Allow faded altars: false
     0 | D:1      | 0 ||| qw: Do Orc after D:15 true
     0 | D:1      | 0 ||| qw: Do second Lair branch before Depths: true
     0 | D:1      | 0 ||| qw: Lair rune preference: random
     0 | D:1      | 0 ||| qw: Plans: Normal, Zot, God:TSO, Crypt, Tomb, Pan,
                  | Slime, Hells, Zig, Abyss, Orb
     0 | D:1      | 0 ||| PLANNING D:1-11
    12 | D:1      | 12 ||| Stepping ~*~*~tactically~*~*~ (stealth).
    13 | D:1      | 13 ||| Stepping ~*~*~tactically~*~*~ (stealth).
   142 | D:1      | Reached XP level 2. HP: 14/19 MP: 2/2
   297 | D:1      | 297 ||| Stepping ~*~*~tactically~*~*~ (stealth).
   313 | D:1      | 313 ||| Stepping ~*~*~tactically~*~*~ (stealth).
   314 | D:1      | 314 ||| Stepping ~*~*~tactically~*~*~ (stealth).
   335 | D:1      | Found a faded altar of an unknown god.
   603 | D:1      | Reached skill level 3 in Axes
   719 | D:1      | 719 ||| UPGRADING to +0 helmet.
   724 | D:1      | 724 ||| UPGRADING to ring of positive energy.
   725 | D:1      | 725 ||| READING scroll labelled WEAVVI ROTEDWA.
   726 | D:1      | 726 ||| READING scroll labelled BESISCHOZXIOCS.
   727 | D:1      | 727 ||| READING scroll labelled LOKUBOEDWE QEXEUL.
   728 | D:1      | 728 ||| DRINKING 2 glowing cyan potions.
   729 | D:1      | 729 ||| DROPPING potion of flight.
   750 | D:2      | Reached XP level 3. HP: 23/23 MP: 3/3
   812 | D:2      | Identified the +1 short sword of Departure {vamp, Will+}
   821 | D:2      | 821 ||| Stepping ~*~*~tactically~*~*~ (stealth).
   822 | D:2      | 822 ||| Stepping ~*~*~tactically~*~*~ (stealth).
   824 | D:2      | 824 ||| Stepping ~*~*~tactically~*~*~ (stealth).
   917 | D:2      | Noticed Robin
   929 | D:2      | HP: 5/23 [frozen (2)]
   931 | D:2      | HP: 2/23 [Robin/+0 spear (3)]
   931 | D:2      | Frozen to death by an endoplasm

Levels and vault maps discovered:
D:1:      minmay_arrival_four_houses, layout_loops_cross,
          hellmonk_ecumenical_altar_lost_god, kennysheep_nondescript,
          dk_noncrumbling_3
D:2:      layout_basic, serial_shops, nicolae_shop_trees, minmay_liquid_box,
          minmay_heptomino_w4, uniq_robin

Skill      XL: |  1  2 |
---------------+-------+-----
Axes           | 2 3 |  3.6
Fighting       | |  3.2
Armour         | |  3.2
Shields        | |  3.2

Action                   || total
-------------------------++-------
Melee: War axe           ||    74
  Use: Scroll            ||     3
       Potion            ||     1
Armor: Scale mail        ||    55
Dodge: Dodged            ||    45
Block: Buckler           ||    28

Table legend:
 A = Non-vault XP
 B = Vault XP
 C = Vault XP percentage of total XP
 D = Non-vault monster count
 E = Vault monster count
 F = Vault count percentage of total count
                 A         B        C        D         E       F
            +---------+---------+-------+---------+---------+-------
      Total |      71 |      15 |  17.4 |      29 |       8 |  21.6
            +---------+---------+-------+---------+---------+-------
        D:1 |      33 |       0 |   0.0 |      20 |       0 |   0.0
        D:2 |      38 |      15 |  28.3 |       9 |       8 |  47.1
            +---------+---------+-------+---------+---------+-------
